 Dungeon Crawl Stone Soup version bcrawl-1.27.5 (console) character file.

Game seed: 4788336683961102197

116656 FIQ the Sneak (level 4, -2/32 HPs)
             Began as a Demonspawn Archaeologist on Aug 13, 2020.
             Slain by a bullfrog (6 damage)
             ... in a sewer.
             The game lasted 00:04:11 (2071 turns).

FIQ the Sneak (Demonspawn Archaeologist)            Turns: 2071, Time: 00:04:11

Health: -2/32      AC:  7    Str: 13    XL:     4   Next: 17%
Magic:  0/4        EV: 12    Int: 15    God:
Gold:   193        SH:  0    Dex: 11    Spells: 3/3 levels left

rFire    . . .     SeeInvis .     - Fists (6.3)
rCold    . . .     Gourm    .   (no shield)
rNeg     . . .     Faith    .   b - +1 robe
rPois    .         Spirit   +   c - +1 hat
rElec    .         Reflect  .   h - scarf {Spirit}
rCorr    +         Harm     .   v - +0 pair of gloves
MR       .....                  d - +1 pair of boots
Stlth    ..........             (no amulet)
HPRegen  0.10/turn              p - ring of resist corrosion
MPRegen  0.09/turn              t - ring of attention (curse)

@: very slow
A: claws 1, hooves 1, demonic guardian 1
a: no special abilities


You were in a sewer.
You were not hungry.

You visited 1 branch of the dungeon, and saw 3 of its levels.
You also visited: Sewer.

You collected 193 gold pieces.

Inventory:

Hand Weapons
 a - a +0 whip
Armour
 b - a +1 robe (worn)
 c - a +1 hat (worn)
 d - a +1 pair of boots (worn)
 h - a scarf of spirit shield (worn)
 j - a +0 cloak
 v - a +0 pair of gloves (worn)
Jewellery
 p - a ring of resist corrosion (left hand)
 t - a cursed ring of attention (right hand)
Scrolls
 g - a scroll of magic mapping
 i - a scroll of teleportation {unknown}
 m - 2 scrolls of remove curse
 n - 2 scrolls of amnesia {unknown}
 q - a scroll of noise {unknown}
 r - a scroll of enchant armour {unknown}
 u - a scroll of enchant weapon {unknown}
Potions
 l - 2 potions of brilliance
Miscellaneous
 f - a dusty tome
Comestibles
 e - 3 rations {!d}
 k - 3 chunks of flesh


   Skills:
 - Level 1.0 Fighting
 - Level 2.2 Maces & Flails
 - Level 2.6 Dodging
 - Level 3.0 Stealth
 + Level 2.7 Unarmed Combat


You had 3 spell levels left.
You didn't know any spells.
Your spell library was empty.

Dungeon Overview and Level Annotations

Branches:
Dungeon (3/12)

Altars:


Innate Abilities, Weirdness & Mutations

You have sharp fingernails.
You have large cloven feet.
A weak demonic guardian rushes to your aid.


Message History

The bullfrog hits you!
You are too injured to fight recklessly!
You are too injured to fight recklessly!
You are too injured to fight recklessly!
You are too injured to fight recklessly!
Okay, then.
You are too injured to fight recklessly!
You are too injured to fight recklessly!
You barely miss the bullfrog.
The bullfrog is moderately wounded.
The bullfrog hits you!
Your shadow imp barely misses the bullfrog.
The bullfrog hits you. The bullfrog hits your shadow imp!
Your shadow imp dies!
Your unstable footing causes you to fumble your attack.
The bullfrog hits you!
* * * LOW HITPOINT WARNING * * *
The bullfrog hits you!
You die...

#.# ≈≈≈≈..≈≈≈≈≈≈≈≈.# ###
#.# ≈≈≈≈≈..≈≈≈≈≈≈≈≈≈.#
#.# #≈≈..≈..≈.≈≈≈≈≈≈.#
#≈# #≈≈∩..≈≈≈≈≈≈≈≈≈≈.#
#≈# #≈≈≈≈≈≈≈≈≈≈≈≈≈≈≈.#
#.# #≈≈≈≈≈≈≈≈≈≈≈≈≈≈.#
#≈# #≈≈≈≈≈≈≈≈≈≈≈≈≈≈.#
#≈# #≈≈≈≈≈≈≈≈≈.≈≈≈.#
#≈########≈≈≈≈≈≈≈≈.≈≈≈.#
#≈≈≈≈.≈≈≈≈≈≈F≈≈≈..≈≈≈≈.#
#≈≈≈≈≈≈≈≈≈≈≈@≈≈≈≈≈≈≈≈≈.#
#.≈≈≈≈≈≈≈≈≈≈≈≈≈≈≈≈≈≈≈≈.#
#.≈≈≈≈≈≈≈≈≈≈≈≈≈≈≈≈≈≈≈..#
#.......≈≈≈÷.≈..≈.....##
#######################


You could see a bullfrog.

Vanquished Creatures
  An adder (Sewer)
  An ooze (D:1)
  2 dart slugs (D:2)
  An orc (D:2)
  5 bats
  4 giant cockroaches
  4 goblins (D:1)
  2 hobgoblins (D:1)
  4 jackals
  9 kobolds
  A quokka (D:2)
  6 ball pythons (Sewer)
  8 frilled lizards
  5 rats
53 creatures vanquished.

Vanquished Creatures (collateral kills)
  4 orcs (D:3)
  2 ball pythons (D:3)
  A rat (D:3)
7 creatures vanquished.

Grand Total: 60 creatures vanquished

Notes
Turn   | Place    | Note
-------+----------+-------------------------------------------
     0 | D:1      | FIQ the Demonspawn Archaeologist began the quest for the
                  | Orb.
     0 | D:1      | Reached XP level 1. HP: 15/15 MP: 1/1
    15 | D:1      | Reached skill level 1 in Maces & Flails
   280 | D:1      | Gained mutation: You have sharp fingernails. [demonic
                  | ancestry]
   280 | D:1      | Reached XP level 2. HP: 20/21 MP: 2/2
   688 | D:1      | Reached skill level 1 in Unarmed Combat
  1108 | D:2      | Gained mutation: A weak demonic guardian rushes to your
                  | aid. [demonic ancestry]
  1108 | D:2      | Reached XP level 3. HP: 26/26 MP: 3/3
  1759 | D:3      | Found a glowing drain.
  1768 | Sewer    | Entered a sewer
  1827 | Sewer    | Gained mutation: You have large cloven feet. [demonic
                  | ancestry]
  1827 | Sewer    | Reached XP level 4. HP: 31/32 MP: 4/4
  2060 | Sewer    | Noticed a bullfrog
  2071 | Sewer    | Slain by a bullfrog

Skill      XL: |  1  2  3 |
---------------+----------+-----
Maces & Flails | 1 2 |  2.2
Unarmed Combat | 1 2 |  2.7
Fighting       | |  1.0
Dodging        | |  2.6
Stealth        | |  3.0

Action                   |  1- 3 |  4- 6 || total
-------------------------+-------+-------++-------
Melee: Whip              |    63 |       ||    63
       Unarmed           |   167 |    66 ||   233
       Punch             |     1 |       ||     1
  Use: Scroll            |     3 |       ||     3
       Potion            |     3 |       ||     3
 Stab: Sleeping          |     5 |       ||     5
       Distracted        |     1 |       ||     1
  Eat: Chunk             |     7 |     4 ||    11
Armor: Robe              |   105 |    37 ||   142
Dodge: Dodged            |   224 |    64 ||   288
